 Dungeon Crawl Stone Soup version 0.17-a0-1446-gc28613e (webtiles) character file.

179 wvc the Conjurer (level 5, 0/28 HPs)
             Began as a Deep Elf Conjurer on June 28, 2015.
             Slain by Grinder (4 damage)
             ... on level 3 of the Dungeon.
             The game lasted 00:08:04 (1939 turns).

wvc the Conjurer (Deep Elf Conjurer)                Turns: 1939, Time: 00:08:04

Health: 0/28       AC:  4    Str:  5    XL:     5   Next: 32%
Magic:  1/13       EV: 13    Int: 21    God:
Gold:   58         SH:  0    Dex: 15    Spells: 4 memorised, 1 level left

rFire  + . .     SeeInvis .     f - +0 spear
rCold  + . .     Clarity  .     o - +2 robe {MR+}
rNeg   . . .     SustAt   .     (no shield)
rPois  +         Gourm    .     (no helmet)
rElec  +         Spirit   .     (no cloak)
rCorr  +         Warding  .     (no gloves)
rMut   .         Stasis   .     (no boots)
MR     +....                    (no amulet)
Stlth  ++........               (no ring)
                                (no ring)

@: resistant, somewhat resistant to hostile enchantments, unstealthy
A: no striking features
a: no special abilities


You were on level 3 of the Dungeon.
You were not hungry.

You visited 1 branch of the dungeon, and saw 3 of its levels.

You collected 58 gold pieces.

Inventory:

Hand weapons
 f - a +0 spear (weapon)
Missiles
 i - 2 poisoned javelins (quivered)
 j - 30 poisoned needles
 n - 95 stones
Armour
 o - a +2 robe of magic resistance (worn)
Magical devices
 p - a wand of flame (10)
Scrolls
 a - a scroll of remove curse
 m - 2 scrolls of identify
 q - 2 scrolls of noise
 r - a scroll of immolation
Potions
 e - a potion of haste {unknown}
 g - a potion of curing
 k - 2 potions of flight
 l - 2 potions of mutation {unknown}
Books
 b - a book of Conjurations

   Spells                             Type                      Level
   a - Magic Dart                     Conjuration                  1
   b - Searing Ray                    Conjuration                  2
   c - Dazzling Spray                 Conjuration/Hexes            3
   d - Fulminant Prism                Conjuration/Hexes            4
   e - Iskenderun's Mystic Blast      Conjuration                  4
   f - Iskenderun's Battlesphere      Conjuration/Charms           5
Comestibles
 c - 2 bread rations
 h - 3 fruits


   Skills:
 - Level 2.4 Dodging
 - Level 2.4 Stealth
 - Level 4.0 Spellcasting
 - Level 6.9 Conjurations


You had one spell level left.
You knew the following spells:

 Your Spells              Type           Power        Failure   Level  Hunger
a - Magic Dart            Conj           ####         1%          1    None
b - Searing Ray           Conj           ####..       1%          2    #......
c - Iskenderun's Battles  Conj/Chrm      ###.....     87%         5    ######.
d - Dazzling Spray        Conj/Hex       ###.....     12%         3    ###....


Dungeon Overview and Level Annotations

Branches:
Dungeon (3/15)

Altars:
Makhleb
Okawaru
The Shining One

Annotations:
D:3 Grinder


Message History

Grinder hits you but does no damage.
Casting: Magic Dart
Confirm with . or Enter, or press ? or * to list all spells.
You don't have enough magic to cast that spell.
You closely miss Grinder.
Grinder is severely wounded.
Grinder hits you but does no damage.
You hit Grinder.
Grinder is severely wounded.
Grinder hits you!
* * * LOW HITPOINT WARNING * * *
Drink which item? (? for menu, Esc to quit)
You can't drink that!
Drink which item? (? for menu, Esc to quit)
It was a potion of resistance.
You feel protected. Grinder hits you.
* * * LOW HITPOINT WARNING * * *
You writhe in agony.
You die...

...# #.#.### #.#
...###.#...##### #.#
..............># #.#
#####..###.###.# #.#
#..# #.###.########.#
# #..#
#.....#........# #
#..#########.########
## #..........#.#
.####.########.#@#
.............#.#5#
.####.######.#.#.#
.........[...#.#.#
..###.########.#.#
...............#.#
...##.##########.#
...##.# #.# .#.##.#
#.#


You could see Grinder.

Vanquished Creatures
  A giant frog (D:3)
  A hound (D:2)
  Jessica (D:3)
  3 adders
  A worm (D:2)
  A giant gecko (D:2)
  3 bats
  4 giant cockroaches
  6 goblins
  4 hobgoblins
  3 kobolds
  A quokka (D:3)
  A giant newt (D:1)
  4 rats
34 creatures vanquished.

Notes
Turn   | Place    | Note
--------------------------------------------------------------
     0 | D:1      | wvc the Deep Elf Conjurer began the quest for the Orb.
     0 | D:1      | Reached XP level 1. HP: 10/10 MP: 6/6
   140 | D:1      | Found a glowing golden altar of the Shining One.
   601 | D:2      | Reached XP level 2. HP: 15/15 MP: 5/8
   680 | D:1      | Reached skill level 5 in Conjurations
   770 | D:2      | Learned a level 2 spell: Searing Ray
   823 | D:2      | Reached XP level 3. HP: 19/19 MP: 3/9
  1078 | D:2      | Found an iron altar of Okawaru.
  1225 | D:2      | Found a burning altar of Makhleb.
  1225 | D:2      | Noticed a hound
  1296 | D:2      | Killed a hound
  1296 | D:2      | Reached skill level 6 in Conjurations
  1296 | D:2      | Reached XP level 4. HP: 13/24 MP: 6/11
  1538 | D:3      | Noticed Jessica
  1538 | D:3      | Noticed a giant frog
  1542 | D:3      | Killed Jessica
  1546 | D:3      | Killed a giant frog
  1546 | D:3      | Reached XP level 5. HP: 17/28 MP: 2/13
  1835 | D:3      | Learned a level 5 spell: Iskenderun's Battlesphere
  1839 | D:3      | Learned a level 3 spell: Dazzling Spray
  1899 | D:3      | Noticed Grinder
  1908 | D:3      | Paralysed by Grinder for 6 turns
  1939 | D:3      | Slain by Grinder

Vault maps used:
D:1:      dpeg_arrival_arbitrary_a, tso_altar
D:2:      makhleb_blood_cavern_becter, old_standard_altar
D:3:      first_bread, guppyfry_early_lair_pool, uniq_jessica, uniq_grinder

Action                   |  1- 3 |  4- 6 || total
-------------------------+-------+-------++-------
Melee: Spear             |       |    12 ||    12
 Cast: Magic Dart        |    48 |    14 ||    62
       Searing Ray       |     2 |     7 ||     9
       Dazzling Spray    |       |     1 ||     1
  Use: Scroll            |       |     5 ||     5
       Potion            |       |     3 ||     3
 Stab: Sleeping          |       |     1 ||     1
  Eat: Chunk             |     1 |     1 ||     2
       Fruit             |       |     5 ||     5
